Map: Acid Plant LE

Players

DnS

  • Race: Protoss Protoss
  • Spawn Location: 11:00

MaSa - Winner!

  • Race: Terran Terran
  • Spawn Location: 5:00

Event: WCS Leipzig 2018

VOD

Have the link to the VOD?

Description

Time

  • Played on: Jan. 26, 2018, 12:36 p.m.
  • Length: 7:20

All games in this series

Show
View Real Time Build Order
Export as new Build Order

DnS Protoss 

Build Orders: 1 Gate Expand, Dark Templar Rush 

Get SALT Encoding   

  12  0:00  Probe  
  13  0:12  Probe  
  14  0:20  Pylon  
  14  0:24  Probe  
  15  0:38  Probe (Chrono Boost)  
  15  0:41  Gateway  
  16  0:47  Probe (Chrono Boost), Assimilator  
  17  0:52  Probe (Chrono Boost)  
  18  1:04  Probe  
  19  1:16  Probe  
  20  1:24  Nexus  
  20  1:33  Cybernetics Core  
  20  1:36  Probe  
  21  1:42  Assimilator  
  21  1:49  Probe  
  21  1:52  Pylon  
  22  2:01  Probe  
  23  2:08  Adept (Chrono Boost)  
  23  2:11  Warp Gate  
  23  2:13  Probe  
  26  2:24  Twilight Council  
  26  2:25  Probe  
  26  2:27  Stalker (Chrono Boost)  
  29  2:37  Probe (Chrono Boost)  
  29  2:43  Probe (Chrono Boost)  
  31  2:46  Probe (Chrono Boost)  
  31  2:50  Probe (Chrono Boost)  
  33  2:51  Probe (Chrono Boost)  
  34  3:04  Probe  
  36  3:05  Probe  
  36  3:06  Dark Shrine  
  36  3:09  Gateway  
  36  3:15  Stalker  
  36  3:17  Probe (Chrono Boost)  
  36  3:19  Probe (Chrono Boost)  
  40  3:26  Gateway  
  40  3:30  Probe (Chrono Boost)  
  40  3:32  Probe (Chrono Boost)  
  42  3:35  Probe (Chrono Boost)  
  42  3:40  Probe  
  44  3:45  Assimilator, Pylon  
  44  3:47  Probe  
  45  3:50  Shield Battery, Pylon  
  45  3:53  Probe  
  46  4:03  Probe  
  46  4:04  Blink (Chrono Boost), Pylon  
  46  4:05  Probe  
  48  4:12  Pylon  
  48  4:15  Probe  
  50  4:17  Probe  
  50  4:19  Dark Templar  
  50  4:20  Dark Templar  
  54  4:24  Assimilator  
  54  4:27  Probe  
  54  4:29  Probe  
  56  4:33  Dark Templar, Pylon  
  55  4:49  Dark Templar  
  55  4:50  Gateway  
  56  4:55  Pylon  
  56  4:56  Gateway  
  49  5:08  Dark Templar  
  49  5:09  Probe x2  
  49  5:10  Gateway  
  49  5:12  Gateway  
  51  5:23  Probe  
  51  5:27  Probe  
  41  5:29  Pylon x2  
  41  5:42  Dark Templar  
  39  5:50  Dark Templar  
  39  5:55  Probe  
  40  6:04  Dark Templar  
  39  6:21  Cybernetics Core  
  37  6:40  Zealot x3, Dark Templar  
  37  6:42  Pylon  
  43  6:54  Dark Templar  
  43  7:03  Stalker x2  
  43  7:07  Stalker  
Show
View Real Time Build Order
Export as new Build Order

MaSa Terran - Winner!

Build Orders:  

Get SALT Encoding   

  12  0:00  SCV  
  13  0:12  SCV  
  14  0:17  Supply Depot  
  14  0:24  SCV  
  15  0:28  Refinery  
  15  0:38  SCV  
  16  0:45  Barracks  
  16  0:51  SCV  
  17  1:03  SCV  
  18  1:15  SCV  
  19  1:32  Orbital Command, Marine  
  20  1:48  Command Center  
  20  1:53  Barracks Reactor  
  20  2:04  Factory  
  20  2:07  SCV  
  21  2:12  Refinery  
  21  2:18  Supply Depot  
  21  2:20  SCV  
  22  2:31  Factory  
  22  2:34  Marine  
  23  2:39  Marine  
  23  2:41  SCV  
  25  2:47  Factory Tech Lab  
  25  2:52  Marine  
  25  2:53  SCV  
  25  2:57  Marine  
  28  3:03  Orbital Command  
  28  3:14  Siege Tank  
  28  3:17  Factory Tech Lab  
  28  3:19  Marine  
  32  3:21  Marine  
  33  3:30  Supply Depot  
  33  3:35  Siege Tank  
  33  3:39  Marine  
  33  3:40  SCV  
  37  3:47  Supply Depot  
  37  3:53  Siege Tank  
  40  3:56  SCV  
  40  3:57  SCV  
  42  4:04  Supply Depot  
  42  4:06  Marine  
  43  4:18  Marine  
  43  4:19  Engineering Bay  
  43  4:23  Siege Tank  
  47  4:27  Marine  
  46  4:44  Marine x2  
  46  4:45  Siege Tank  
  47  4:50  Missile Turret  
  45  5:01  Marine  
  46  5:07  Marine  
  39  5:28  SCV  
  39  5:31  SCV, Orbital Command  
  41  5:38  Marine  
  41  5:42  SCV  
  41  5:55  Orbital Command  
  34  6:05  SCV  
  35  6:13  Missile Turret  
  35  6:15  Marine x2  
  37  6:20  Siege Tank  
  39  6:37  Marine x2  
  40  6:40  Missile Turret  
  40  6:42  SCV  
  40  6:43  SCV  
  42  6:58  Bunker  
  42  6:59  SCV  
  42  7:07  SCV  
Tags
 
Add a new tag
Caveats
  • Supply blocks, unpowered buildings, or Contaminate may cause inaccurate times.
  • Supply counts are checked every 10 seconds.